Map: Nightshade LE

Players

Armani - Winner!

  • Race: Zerg Zerg
  • League: Grandmaster
  • Spawn Location: 5:00

LiquidTaeJa (TaeJa)

  • Race: Terran Terran
  • League: Grandmaster
  • Spawn Location: 11:00

VOD

Have the link to the VOD?

Description

Time

  • Played on: Jan. 9, 2020, 6:29 a.m.
  • Length: 16:11
Show
View Real Time Build Order
Export as new Build Order

Armani Zerg - Winner!

Build Orders: Hatch First, Swarm Host 

Get SALT Encoding   

  12  0:00  Drone  
  13  0:13  Overlord  
  13  0:17  Drone  
  14  0:32  Drone x2  
  16  0:50  Hatchery  
  16  0:53  Drone  
  16  0:56  Drone  
  17  0:58  Drone  
  18  1:09  Extractor  
  17  1:13  Spawning Pool  
  17  1:16  Drone  
  17  1:19  Drone  
  18  1:29  Drone  
  19  1:39  Drone  
  20  1:50  Overlord  
  20  1:59  Queen  
  22  2:01  Queen  
  22  2:03  Zergling x4  
  26  2:09  Metabolic Boost  
  26  2:12  Drone  
  26  2:13  Drone  
  28  2:22  Drone  
  29  2:24  Drone  
  30  2:34  Drone  
  30  2:37  Queen  
  30  2:41  Overlord  
  30  2:44  Drone  
  33  2:46  Drone  
  34  2:56  Hatchery  
  33  2:59  Pneumatized Carapace  
  33  3:02  Drone  
  33  3:04  Drone  
  35  3:07  Drone  
  35  3:10  Drone  
  37  3:16  Queen  
  37  3:19  Drone  
  40  3:20  Drone  
  40  3:24  Overlord  
  40  3:26  Drone  
  42  3:29  Drone  
  43  3:39  Overlord  
  43  3:44  Drone x2  
  43  3:46  Zergling x4  
  43  3:47  Drone  
  48  3:50  Drone  
  48  3:53  Queen  
  48  3:55  Drone  
  52  3:59  Drone  
  52  4:00  Drone x2  
  55  4:03  Drone  
  55  4:04  Lair, Drone  
  57  4:11  Queen  
  57  4:12  Drone  
  57  4:13  Drone x2  
  62  4:21  Drone  
  63  4:26  Extractor  
  63  4:27  Zergling x8  
  63  4:29  Overlord x2  
  66  4:38  Overlord  
  66  4:42  Extractor, Drone  
  65  4:46  Drone  
  65  4:47  Queen  
  65  4:49  Drone x2  
  65  4:50  Drone  
  65  4:52  Drone x2  
  72  4:54  Drone  
  72  4:56  Roach Warren  
  72  5:00  Drone  
  72  5:01  Spore Crawler, Drone  
  72  5:02  Spore Crawler  
  72  5:03  Drone  
  72  5:04  Drone  
  72  5:05  Drone x2  
  76  5:12  Spire, Spore Crawler  
  76  5:13  Drone  
  75  5:16  Drone  
  75  5:19  Drone  
  77  5:22  Zergling x6  
  77  5:23  Drone x2  
  77  5:27  Drone  
  83  5:32  Zergling x4  
  83  5:33  Zergling x2  
  86  5:36  Overlord  
  86  5:37  Drone  
  86  5:38  Glial Reconstitution  
  86  5:41  Drone  
  88  5:46  Extractor  
  88  5:47  Extractor, Overlord  
  88  5:49  Drone  
  87  5:50  Drone  
  87  5:55  Extractor, Drone  
  87  5:56  Overlord  
  88  5:57  Drone x2  
  88  5:58  Drone  
  88  5:59  Drone  
  92  6:09  Hatchery  
  91  6:16  Roach  
  91  6:17  Roach x2  
  96  6:24  Roach x3  
  99  6:26  Overlord  
  99  6:28  Overlord  
  99  6:32  Queen x3  
  95  6:36  Corruptor x3  
  95  6:39  Drone  
  105  6:42  Drone  
  105  6:46  Drone  
  95  6:48  Drone  
  95  6:49  Drone x2  
  95  6:51  Drone  
  95  6:54  Drone x3  
  99  6:56  Drone  
  98  7:01  Drone  
  95  7:11  Corruptor x4  
  103  7:17  Drone x2  
  103  7:18  Drone  
  103  7:21  Drone  
  103  7:22  Evolution Chamber  
  106  7:24  Corruptor  
  106  7:26  Drone  
  106  7:27  Drone x2  
  106  7:28  Drone x2  
  113  7:37  Roach x3  
  113  7:38  Roach  
  113  7:39  Overlord  
  113  7:40  Drone  
  113  7:42  Drone  
  123  7:44  Evolution Chamber  
  123  7:46  Drone  
  123  7:48  Spore Crawler  
  123  7:53  Drone  
  123  7:57  Drone x3  
  125  7:59  Infestation Pit, Zerg Missile Weapons Level 1  
  125  8:00  Drone  
  125  8:02  Corruptor  
  125  8:04  Roach x3  
  125  8:05  Roach  
  135  8:09  Overlord  
  135  8:10  Overlord  
  135  8:11  Drone  
  136  8:14  Overlord  
  136  8:16  Overlord  
  136  8:17  Overlord  
  136  8:21  Extractor  
  136  8:22  Drone  
  136  8:24  Extractor  
  136  8:26  Drone  
  136  8:31  Drone x5, Evolution Chamber  
  140  8:37  Hatchery  
  139  8:52  Swarm Host x9  
  165  8:55  Zergling x8  
  165  8:59  Drone x2  
  170  9:06  Swarm Host  
  170  9:07  Nydus Network, Overlord  
  170  9:09  Overlord  
  172  9:10  Zergling x6  
  175  9:19  Zerg Flyer Weapons Level 1  
  175  9:20  Overlord  
  175  9:21  Overlord  
  175  9:22  Overlord  
  175  9:29  Roach x7  
  187  9:32  Overseer  
  187  9:40  Roach x6  
  187  9:44  Nydus Canal  
  199  9:47  Drone x2  
  199  9:51  Hive  
  200  9:53  Spire, Zerg Melee Weapons Level 1  
  200  9:55  Overlord  
  200  9:56  Overlord  
  199  10:01  Overlord  
  194  10:20  Burrow  
  176  10:24  Nydus Canal  
  176  10:26  Roach x15  
  176  10:27  Tunneling Claws  
  198  10:32  Drone  
  198  10:34  Zerg Missile Weapons Level 2  
  193  10:36  Overlord x2  
  193  10:39  Ravager x2  
  193  10:42  Zergling x10  
  190  11:06  Roach x5  
  190  11:07  Roach  
  186  11:14  Roach  
  186  11:15  Roach x12  
  186  11:18  Adrenal Glands  
  192  11:20  Nydus Canal  
  188  11:28  Roach x8  
  188  11:30  Ravager x2  
  200  11:35  Spine Crawler  
  200  11:36  Spine Crawler  
  198  11:43  Nydus Canal  
  198  11:46  Roach x23, Overlord  
  198  11:47  Roach x23  
  198  11:54  Roach x4  
  198  11:58  Overlord  
  198  12:00  Overlord  
  198  12:01  Overlord  
  198  12:03  Overlord  
  190  12:09  Nydus Canal  
  190  12:11  Roach  
  190  12:12  Roach x10  
  200  12:16  Greater Spire  
  200  12:17  Spine Crawler  
  200  12:18  Spine Crawler  
  200  12:19  Drone  
  200  12:20  Extractor  
  200  12:21  Extractor  
  197  12:29  Nydus Canal  
  193  12:31  Roach x6  
  193  12:35  Queen  
  193  12:37  Infestor x4  
  185  12:46  Roach x8  
  198  12:55  Nydus Canal  
  182  12:59  Roach x8  
  182  13:02  Drone x2  
  200  13:08  Hatchery  
  197  13:16  Roach  
  197  13:18  Ravager  
  197  13:19  Zerg Missile Weapons Level 3  
  200  13:27  Nydus Canal  
  200  13:31  Infestor  
  172  14:10  Roach  
  172  14:11  Roach x19  
  172  14:16  Roach x9  
  196  14:18  Nydus Canal  
  196  14:21  Drone x2  
  196  14:23  Spore Crawler  
  191  14:26  Drone x2  
  191  14:27  Drone x2  
  191  14:29  Roach x4  
  198  14:32  Drone  
  198  14:33  Ravager  
  198  14:42  Brood Lord  
  182  14:55  Brood Lord x4  
  172  15:04  Roach x12  
  176  15:07  Drone x3  
  168  15:15  Drone x3  
  168  15:20  Roach x5  
  179  15:23  Infestor x2  
  179  15:30  Roach x6  
  179  15:33  Ravager x8  
  179  15:34  Ravager  
Show
View Real Time Build Order
Export as new Build Order

LiquidTaeJa Terran 

Build Orders: Hellion Opening, Reaper Expand, Mech 

Get SALT Encoding   

  12  0:00  SCV  
  13  0:12  SCV  
  14  0:17  Supply Depot  
  14  0:24  SCV  
  15  0:38  SCV  
  15  0:40  Barracks  
  16  0:42  Refinery  
  16  0:50  SCV  
  17  1:02  SCV  
  18  1:15  SCV  
  19  1:27  Reaper, Orbital Command  
  20  1:39  Command Center  
  20  1:49  Supply Depot  
  20  1:52  SCV  
  21  1:59  Marine  
  22  2:04  SCV  
  22  2:07  Factory  
  23  2:12  Refinery  
  23  2:16  SCV  
  23  2:20  Barracks Reactor  
  24  2:30  SCV  
  25  2:43  SCV  
  26  2:51  Orbital Command  
  26  2:54  Starport  
  26  2:55  SCV  
  27  3:04  Hellion x2  
  31  3:07  SCV  
  31  3:08  Marine  
  33  3:17  SCV  
  33  3:19  SCV  
  35  3:24  Supply Depot  
  35  3:26  Hellion x2  
  39  3:29  SCV  
  39  3:31  SCV  
  39  3:33  Fusion Core  
  41  3:38  Starport Tech Lab  
  41  3:41  SCV  
  41  3:43  SCV  
  41  3:47  Supply Depot  
  41  3:48  Hellion x2  
  47  3:53  SCV  
  47  3:55  SCV  
  49  4:05  SCV  
  49  4:07  SCV  
  51  4:10  Command Center  
  51  4:17  SCV  
  51  4:19  SCV  
  51  4:23  Battlecruiser  
  59  4:30  SCV, Supply Depot  
  60  4:31  SCV  
  60  4:37  Refinery  
  61  4:38  Refinery  
  61  4:48  SCV x2  
  61  4:50  Hellion x2  
  62  4:57  Factory, Supply Depot  
  62  4:58  Factory  
  62  5:00  SCV x2  
  64  5:11  Hellion x2  
  64  5:12  SCV x2, Barracks Tech Lab  
  70  5:23  Orbital Command  
  70  5:24  SCV x2  
  72  5:34  Battlecruiser  
  78  5:36  SCV x2  
  78  5:37  Hellion x2  
  78  5:42  Factory Tech Lab  
  84  5:48  SCV x2  
  86  5:59  Siege Tank  
  86  6:00  SCV  
  86  6:01  SCV  
  86  6:02  Supply Depot x2, Refinery  
  91  6:11  Refinery  
  91  6:13  SCV x2  
  93  6:23  Siege Tank  
  95  6:33  Hellion x2  
  95  6:37  SCV x2  
  83  6:50  Siege Tank  
  83  6:51  SCV x2  
  82  6:55  Engineering Bay  
  82  6:56  Armory  
  82  6:58  Armory  
  82  7:03  SCV x2  
  82  7:07  Hellion x2  
  88  7:09  Cyclone  
  88  7:10  Mag-Field Accelerator  
  88  7:15  SCV x2, Refinery  
  91  7:16  Starport Reactor  
  91  7:17  Refinery  
  93  7:24  Missile Turret x2, Cyclone  
  93  7:26  Factory  
  93  7:28  SCV  
  93  7:29  SCV, Orbital Command  
  98  7:30  Factory  
  98  7:32  Hellion x2  
  100  7:44  Cyclone  
  101  7:51  SCV x2  
  101  7:56  SCV, Cyclone  
  105  7:58  Supply Depot  
  105  7:59  Supply Depot  
  105  8:01  Terran Vehicle And Ship Armor Level 1, Terran Vehicle Weapons Level 1  
  105  8:03  SCV x2  
  107  8:05  Infernal Pre-Igniter  
  107  8:06  Hellion  
  107  8:10  Supply Depot  
  107  8:12  Factory Reactor  
  109  8:20  SCV, Cyclone x2, Hellion  
  109  8:21  SCV  
  119  8:28  Command Center  
  119  8:29  Hellion  
  119  8:30  Cyclone  
  119  8:32  Orbital Command  
  124  8:34  SCV  
  124  8:35  SCV  
  124  8:36  Supply Depot  
  124  8:37  Supply Depot  
  126  8:42  Hellion  
  128  8:51  Hellion  
  128  8:52  Cyclone x2  
  133  8:58  Hellion x2  
  137  9:03  Missile Turret, Cyclone, Hellion  
  137  9:09  Factory  
  142  9:10  Factory  
  142  9:11  Factory  
  142  9:12  Supply Depot  
  142  9:13  Supply Depot  
  142  9:18  Hellion  
  142  9:19  Hellion x2  
  148  9:30  Cyclone  
  149  9:35  Cyclone x2  
  149  9:37  Hellion  
  157  9:39  Hellion  
  157  9:40  Hellion  
  157  9:53  Hellion  
  157  9:54  Factory Reactor, Factory Tech Lab x2  
  157  9:56  Terran Vehicle Weapons Level 2  
  157  9:59  SCV x3  
  158  10:02  Cyclone  
  158  10:06  Orbital Command  
  161  10:07  Planetary Fortress, Cyclone, Hellion x8  
  161  10:11  SCV x2  
  162  10:15  Cyclone  
  162  10:19  Cyclone  
  157  10:26  Cyclone  
  145  10:33  Hellion x2  
  145  10:34  SCV x3, Hellion x2  
  148  10:38  Refinery  
  148  10:40  Cyclone, Refinery  
  151  10:43  Hellion  
  151  10:44  Cyclone, Hellion  
  151  10:48  Missile Turret, Cyclone  
  161  10:50  SCV x3  
  140  11:06  Cyclone  
  140  11:07  Cyclone  
  137  11:12  Cyclone  
  137  11:13  Hellion x2  
  137  11:15  Hellion x2  
  137  11:16  Hellion x2  
  138  11:29  Cyclone x2  
  144  11:34  Hellion x2  
  144  11:37  Orbital Command  
  144  11:38  SCV x2  
  150  11:46  Cyclone  
  150  11:47  Cyclone  
  156  11:50  SCV  
  156  11:51  Hellion x2  
  161  12:02  SCV  
  161  12:03  SCV  
  161  12:06  Supply Depot  
  161  12:08  Supply Depot x2  
  152  12:13  Cyclone x2  
  152  12:14  Cyclone  
  153  12:19  Missile Turret  
  153  12:26  Cyclone  
  145  12:32  Hellion x3  
  145  12:33  Hellion  
  145  12:35  Cyclone  
  147  12:43  Hellion x2  
  151  12:45  SCV x3, Cyclone  
  153  12:54  Cyclone x2  
  153  12:56  Hellion x2  
  161  12:58  Cyclone  
  156  13:13  Cyclone, Hellion x2  
  156  13:14  Hellion x2  
  156  13:18  Cyclone  
  170  13:20  Hellion  
  170  13:24  Supply Depot  
  170  13:26  Hellion  
  174  13:35  Cyclone  
  174  13:38  Cyclone  
  180  13:45  Hellion x2  
  184  13:53  Cyclone x2  
  185  13:59  Hellion x2  
  189  14:04  Command Center  
  189  14:06  Hellion  
  189  14:09  Cyclone x2  
  183  14:14  Cyclone  
  183  14:15  Hellion  
  159  14:18  Hellion  
  161  14:29  Cyclone x2  
  167  14:43  Cyclone  
  167  14:44  Siege Tank  
  130  15:00  Hellion x4  
  130  15:03  Cyclone x2  
  130  15:04  Cyclone  
  132  15:12  Hellion x2  
  130  15:15  Cyclone  
  130  15:16  Cyclone  
  138  15:21  Hellion  
  138  15:24  Hellion x2  
  138  15:26  Orbital Command  
  142  15:34  Hellion x2  
  146  15:37  Missile Turret  
  140  15:59  Sensor Tower  
Tags
 
Add a new tag
Caveats
  • Supply blocks, unpowered buildings, or Contaminate may cause inaccurate times.
  • Supply counts are checked every 10 seconds.